 Dungeon Crawl Stone Soup version 0.30.1 (webtiles) character file.

Game seed: 13403361845846948854

340 Fodor the Covered (level 6, -2/53 HPs)
             Began as a Minotaur Fighter on July 4, 2023.
             Succumbed to a goblin's poison
             ... on level 4 of the Dungeon.
             The game lasted 00:12:46 (2893 turns).

Fodor the Covered (Minotaur Fighter)                Turns: 2893, Time: 00:12:47

Health: -2/53      AC:  7    Str: 22    XL:     6   Next: 30%
Magic:  5/5        EV: 10    Int:  5    God:
Gold:   254        SH:  4    Dex: 10    Spells: 5/5 levels left

rFire   . . .        t - +2 rapier (venom)
rCold   . . .        c - +0 buckler
rNeg    . . .        b - +0 scale mail
rPois   .            (helmet restricted)
rElec   .            (no cloak)
rCorr   .            (no gloves)
SInv    .            (no boots)
Will    .....        (no amulet) Stlth
                     (no ring)
HPRegen 0.28/turn    (no ring)
MPRegen 0.09/turn

%: no passive effects
@: lethally poisoned (-2 -> -37)
A: horns 2, retaliatory headbutt
a: no special abilities


You were on level 4 of the Dungeon.
You visited 1 branch of the dungeon, and saw 4 of its levels.

You collected 254 gold pieces.

Inventory:

Hand Weapons
 a - a +2 dagger of speed
 t - a +2 rapier of venom (weapon)
 v - a +0 war axe
 w - a +4 dagger
Missiles
 h - 9 poisoned darts (quivered)
Armour
 b - a +0 scale mail (worn)
 c - a +0 buckler (worn)
 m - a +0 plate armour
Jewellery
 o - a ring of poison resistance
Wands
 r - a wand of acid (12)
 x - a wand of flame (18)
Scrolls
 e - a scroll of fog {unknown}
 i - 2 scrolls of blinking {unknown}
 j - 5 scrolls of identify {unknown}
 k - 2 scrolls of poison {unknown}
 l - a scroll of noise {unknown}
 p - a scroll of magic mapping {unknown}
 s - a scroll of torment {unknown}
 u - a scroll of teleportation {unknown}
Potions
 d - a potion of might
 f - a potion of attraction {unknown}
 g - 2 potions of cancellation {unknown}
 n - a potion of invisibility {unknown}
 q - a potion of curing {unknown}


   Skills:
 + Level 4.7 Fighting
 + Level 1.7(3.3) Short Blades
 + Level 4.9(5.1) Long Blades
 + Level 5.4 Armour
 + Level 1.5 Dodging
 + Level 0.1 Stealth
 + Level 4.3 Shields


You had 5 spell levels left.
You didn't know any spells.
Your spell library contained the following spells:

 Spells                   Type           Power      Damage    Failure   Level
 Necrotise                Necr           0%         1d4       85%         1
 Vampiric Draining        Necr           0%         2d6       99%         3
 Agony                    Necr           0%         N/A       100%        5


Dungeon Overview and Level Annotations

Branches:
Dungeon (4/15)
 Temple: D:4-7

Altars:
Ashenzari
Cheibriados
Ru
Vehumet
Yredelemnul

Annotations:
D:4 3 runed translucent doors, Fractals's ghost, amateur HuHW


Innate Abilities, Weirdness & Mutations

You have a pair of horns on your head.
You reflexively headbutt those who attack you in melee.


Message History

You puncture the orc!
You kill the orc!
You feel very sick.
You miss the goblin.
You feel very sick. The goblin closely misses you. You furiously retaliate!
You headbutt the goblin, but do no damage.
You block the goblin's attack.
You closely miss the goblin.
You feel very sick. The orc hits you but does no damage.
The goblin hits you with a +0 dagger of venom.
You are more poisoned.
You barely miss the goblin. Your headbutt misses the goblin.
You feel very sick. The orc hits you but does no damage.
The orc hits you from afar with a +0 spear.
The goblin hits you but does no damage.
You are more poisoned.
Unknown command.
You hit the goblin.
The goblin is poisoned.
The goblin is moderately wounded.
You feel very sick. The orc closely misses you. You furiously retaliate!
You headbutt the orc. The orc hits you but does no damage.
The goblin hits you but does no damage.
You are lethally poisoned!
You closely miss the goblin.
The goblin is moderately wounded.
* * * LOW HITPOINT WARNING * * *
You feel very sick. The orc hits you with a +0 short sword.
* * * LOW HITPOINT WARNING * * *
The orc hits you but does no damage. The goblin hits you but does no damage.
You are more poisoned.
* * * LOW HITPOINT WARNING * * *
You feel extremely sick. The goblin hits you but does no damage.
You are more poisoned.
The goblin attacks as you move away! You block the goblin's attack.
You die...

#.# #.......####.##.
...##.............#.
....#........... ..
.>)........... #.
............# # #.#
......o.#†..####.##..###
#og†.....#....#...
#.######.# #..### #@#
#.# #..# #.# #.# #..#
#.# #.# #..# ..#
#.####..# ###
#....)..### #######....
#####


You could see 2 orcs and a goblin (very poisoned).

Vanquished Creatures
  An ice beast (D:4)
  A scorpion (D:4)
  An iguana (D:4)
  Ijyb (D:4)
  Robin (D:4)
  2 adders
  3 worms
  2 dart slugs
  An orc (D:4)
  8 ball pythons
  4 bats
  10 endoplasms
  5 giant cockroaches
  19 goblins
  10 hobgoblins
  6 jackals
  3 quokkas (D:1)
  4 frilled lizards
  2 kobolds (D:1)
  4 rats (D:1)
88 creatures vanquished.

Notes
Turn   | Place    | Note
-------+----------+-------------------------------------------
     0 | D:1      | Fodor the Minotaur Fighter began the quest for the Orb.
     0 | D:1      | Reached XP level 1. HP: 19/19 MP: 0/0
   179 | D:1      | Reached XP level 2. HP: 25/27 MP: 1/1
   226 | D:1      | Reached skill level 4 in Armour
   431 | D:1      | Reached XP level 3. HP: 33/33 MP: 2/2
   850 | D:2      | Found a broken altar of Ashenzari.
  1311 | D:2      | Reached XP level 4. HP: 40/40 MP: 3/3
  2079 | D:4      | Found a snail-covered altar of Cheibriados.
  2113 | D:4      | Found a basalt altar of Yredelemnul.
  2116 | D:4      | Found a sacrificial altar of Ru.
  2117 | D:4      | Found a radiant altar of Vehumet.
  2187 | D:4      | Noticed Robin
  2196 | D:4      | Killed Robin
  2197 | D:4      | Reached skill level 1 in Dodging
  2203 | D:4      | Reached XP level 5. HP: 28/46 MP: 4/4
  2221 | D:4      | Noticed an ice beast
  2230 | D:4      | Killed an ice beast
  2231 | D:4      | Reached skill level 1 in Short Blades
  2231 | D:4      | Reached skill level 5 in Armour
  2441 | D:4      | Found a runed translucent gate.
  2441 | D:4      | Found a runed translucent gate.
  2442 | D:4      | Found a runed translucent gate.
  2446 | D:4      | Noticed Fractals's ghost (amateur HuHW)
  2757 | D:4      | Reached XP level 6. HP: 53/53 MP: 5/5
  2812 | D:4      | Noticed Ijyb
  2823 | D:4      | Killed Ijyb
  2893 | D:4      | Succumbed to a goblin's poison

Illustrated notes

Levels and vault maps discovered:
D:1:      scummos_arrival_hexagon, layout_loops_ring, minmay_worlds_worst_comb
D:2:      layout_loops_cross, basic_altar
D:3:      layout_rooms, minmay_crystal_water, kennysheep_generic_room_14
D:4:      minmay_door_path, layout_loops_ring, lemuel_coloured_pillars_altar,
          mainiacjoe_overflow_alcove_3, gammafunk_ghost_necromancy, uniq_robin,
          uniq_ijyb

Skill      XL: |  1  2  3  4  5 |
---------------+----------------+-----
Armour         | 4 5 |  5.4
Fighting       | 4 |  4.7
Shields        | 4 |  4.3
Long Blades    | 3 4 |  4.9
Dodging        | 1 |  1.5
Short Blades   | 1 |  1.7
Stealth        | |  0.1

Action                     |  1- 3 |  4- 6 || total
---------------------------+-------+-------++-------
  Melee: Long sword        |    79 |    27 ||   106
         Headbutt          |    16 |    11 ||    27
         Rapier            |       |    57 ||    57
 Armour: Scale mail        |    44 |    50 ||    94
  Dodge: Dodged            |    38 |    60 ||    98
  Block: Buckler           |    18 |    27 ||    45
